AoeStats
← Tony

Migration

509784261Analyzed
1v1 RM · 3d ago on Sep 28, 2026· 37m 13s· 2 players
Game mode
Random Map
Map size
132×132
Population
200
Speed
Normal
Resources
Standard
Victory
Conquest
Starting age
Dark Age
Ending age
Imperial Age
RankedLock teamsTeams togetherTeam positionsShared explorationLock speedFull tech treeHidden civsTurbo modeCheats
Victory
Defeat
🇨🇱 Armenians · Chile
767
+14
🇨🇱 Portuguese · Chile
732
-14
Tony
1:42 Loom
11:34 Feudal Age
14:28 Wheelbarrow
14:27 Town Watch
14:32 Double-Bit Axe
14:31 Horse Collar
24:43 Arson
32:22 Castle Age
36:10 Treadmill Crane
Libertifer
11:20 Feudal Age
16:59 Man-at-Arms
18:42 Long Swordsman
24:14 Castle Age
22:04 Double-Bit Axe
24:12 Gold Mining
25:38 Medium Warships
26:53 Loom
27:29 Two-Handed Swordsman
28:17 Scale Mail Armor
29:43 Gambesons
29:27 Champion
33:37 Squires
33:26 Arson
37:36 Fletching
Connection lost

Rejoining the realm…

Still unreachable

The connection could not be restored.

Session expired

The server has moved on; the page needs a fresh start.